cohdb
Replays
Latest Replays
All Replays
Popular Replays
Top Player Replays
Match Explorer
How It Works
Community
CoH3 Stats
Reddit
Sign in to upload your games and track your stats! →
Sign in with Steam
Match 38573169
Unlisted
Match 38573169
Overview
Messages
Build Orders
End
Construct Section Command Post
Infantry Section
Selects Heavy Armor Battlegroup
Infantry Section
Infantry Section
Construct Platoon Command Post
Humber Armored Car
Selects Rigorous Vehicle Training
Construct Field Infirmary
Grenade Package
Infantry Training
6-pounder Anti-tank Gun Team
Construct Company Command Post
Selects Crusader AA Medium Tank
Selects UNKNOWN (2162094)
Selects Light Vehicle Withdraw and Refit
Foot Guards Section
Churchill IV Heavy Tank
Crusader II Medium Tank
Royal Engineer Section
Selects Radio Net
Crusader II Medium Tank
Armored Vehicle Training
Crusader II Medium Tank
Selects Designate Targets
Crusader II Medium Tank
Crusader II Medium Tank
Crusader II Medium Tank
Sukulaku
Sihubergen
LEV-Detahaven
Tenshi
0
0
Comments
sign in to comment!
No comments posted yet!